Map: Orbital Shipyard

Players

Weenersaurus - Winner!

  • Race: Terran Terran
  • League: Diamond

LilDicky

  • Race: Terran Terran
  • League: Diamond

VOD

http://www.twitch.tv/tumescentpie

Description

Time

  • Played on: Jan. 2, 2016, 11 p.m.
  • Length: 10:54
Show
View Real Time Build Order
Export as new Build Order

Weenersaurus Terran - Winner!

Build Orders:  

Get SALT Encoding   

  12  0:00  SCV  
  13  0:13  SCV  
  14  0:23  Supply Depot  
  14  0:25  SCV  
  15  0:31  Refinery  
  15  0:45  SCV  
  16  0:52  Barracks  
  16  0:57  SCV  
  17  1:09  SCV  
  18  1:20  Refinery  
  18  1:21  SCV  
  19  1:38  Orbital Command  
  19  1:39  Supply Depot  
  20  1:40  Reaper  
  20  2:03  Command Center  
  20  2:06  SCV  
  21  2:12  Marine  
  22  2:29  SCV, Factory  
  23  2:41  SCV, Marine  
  25  2:57  Barracks  
  25  3:00  Engineering Bay, Marine  
  26  3:10  SCV  
  27  3:14  Orbital Command  
  27  3:19  Hellion  
  29  3:22  SCV  
  29  3:23  Barracks Tech Lab  
  30  3:34  SCV  
  30  3:35  Starport  
  31  3:45  Barracks Reactor  
  31  3:46  SCV  
  31  3:47  Factory Tech Lab  
  32  3:52  Missile Turret  
  32  3:54  SCV  
  33  3:58  Marauder  
  35  4:05  Refinery  
  35  4:07  Siege Tank  
  38  4:14  SCV  
  38  4:17  Missile Turret  
  38  4:24  Viking  
  39  4:26  Marine  
  39  4:27  Marine x2  
  44  4:32  SCV  
  44  4:34  SCV  
  46  4:42  Missile Turret  
  46  5:18  Marine  
  46  5:28  Viking  
  46  5:38  Marine x2  
  46  5:40  Siege Tank  
  51  5:50  Marine  
  51  5:56  Marine x2  
  51  6:14  Marine  
  42  6:24  Marine x2  
  44  6:25  Siege Tank  
  44  6:31  Marine  
  43  6:41  Marine  
  43  6:42  Marine  
  43  6:44  Liberator  
  41  6:49  Marine  
  41  6:53  SCV  
  41  6:54  SCV  
  44  6:59  Marine x2  
  49  7:13  Barracks  
  49  7:14  Barracks  
  49  7:15  Command Center  
  49  7:16  Barracks  
  49  7:17  Armory, Factory  
  49  7:25  Missile Turret  
  49  7:27  SCV  
  49  7:29  SCV  
  51  7:32  Refinery  
  51  7:35  Siege Tank  
  54  7:38  Barracks Tech Lab  
  54  7:46  Supply Depot  
  54  7:48  Supply Depot  
  54  7:57  SCV x2  
  56  8:00  Supply Depot  
  56  8:02  Barracks Reactor x2  
  56  8:03  Barracks Reactor  
  56  8:06  Factory Tech Lab  
  56  8:09  SCV, Marauder, Marine x2  
  56  8:12  Siege Tank  
  64  8:19  SCV  
  65  8:25  Missile Turret  
  65  8:26  Marine, Missile Turret, Terran Vehicle Weapons Level 1  
  66  8:27  Missile Turret  
  66  8:31  SCV  
  66  8:33  SCV  
  68  8:41  Sensor Tower, Orbital Command  
  68  8:43  SCV  
  68  8:45  SCV  
  70  8:49  Marine  
  70  8:50  Marine x7  
  78  8:57  SCV  
  78  8:58  Viking  
  79  9:10  SCV  
  69  9:42  Marine x2  
  69  9:43  Marine x7  
  69  9:44  Thor x2  
  69  9:45  Barracks  
  87  9:48  Medivac  
  89  9:55  Starport  
  89  10:00  Marine  
  89  10:03  Marine  
  89  10:04  Marine x6  
  97  10:18  Medivac  
Show
View Real Time Build Order
Export as new Build Order

LilDicky Terran 

Build Orders: Liberator Opening 

Get SALT Encoding   

  12  0:03  SCV  
  13  0:15  SCV  
  13  0:20  Supply Depot  
  15  0:28  SCV  
  15  0:42  SCV  
  16  0:45  Barracks  
  16  0:48  Refinery  
  16  0:54  Refinery  
  16  1:05  SCV  
  17  1:17  SCV  
  18  1:29  SCV  
  18  1:32  Marine  
  20  1:33  Supply Depot  
  20  1:42  Orbital Command  
  20  1:49  Factory  
  20  1:51  Marine  
  21  2:09  Marine  
  21  2:14  SCV  
  23  2:27  Marine  
  24  2:33  Starport  
  24  2:34  Factory Tech Lab  
  24  2:39  SCV  
  25  2:47  Marine  
  26  2:51  SCV  
  26  2:53  Supply Depot  
  26  2:54  Siege Tank  
  26  2:57  Liberator  
  30  3:04  SCV  
  31  3:14  Supply Depot, Marine  
  35  3:26  Siege Tank  
  38  3:29  SCV  
  38  3:33  Engineering Bay  
  39  3:35  Marine  
  40  3:41  SCV  
  40  3:45  Supply Depot  
  41  3:53  SCV, Marine  
  43  3:58  Siege Tank  
  46  4:05  SCV  
  47  4:16  Missile Turret  
  47  4:17  SCV  
  48  4:27  Viking  
  48  4:30  SCV  
  51  4:33  Supply Depot  
  51  4:35  Siege Tank  
  54  4:42  SCV  
  50  5:19  SCV  
  45  5:32  Liberator  
  45  5:33  Missile Turret  
  47  6:11  SCV  
  45  6:21  Siege Tank  
  45  6:25  Factory  
  45  6:27  Barracks  
  45  6:28  Barracks  
  43  6:39  Command Center  
  36  6:51  SCV  
  36  6:53  Liberator  
  37  7:01  Command Center  
  37  7:03  SCV  
  37  7:04  Siege Tank  
  37  7:06  Marine  
  42  7:15  SCV  
  46  7:22  Refinery  
  46  7:23  Hi-Sec Auto Tracking, Barracks x2  
  46  7:24  Refinery, Barracks  
  46  7:27  SCV  
  47  7:38  Siege Tank  
  47  7:39  SCV  
  47  7:43  Marine  
  52  7:51  SCV  
  52  7:52  Refinery  
  52  7:54  Planetary Fortress, Refinery, Liberator  
  53  8:10  Siege Tank  
  59  8:18  Orbital Command  
  59  8:23  SCV  
  59  8:25  Missile Turret  
  59  8:52  SCV x2  
  59  8:53  SCV  
  62  9:03  Viking  
  64  9:13  SCV  
  62  9:27  Marine x3  
  62  9:28  Marine  
  62  9:29  Siege Tank  
  69  9:33  Viking  
  68  9:45  Marine  
  69  9:47  SCV  
  69  9:48  SCV  
  69  9:50  Marine  
  69  9:51  Marine x2  
  74  9:56  Starport  
  74  10:01  Siege Tank  
  74  10:03  Viking, Marine  
  74  10:04  SCV x3  
  74  10:06  Factory  
  83  10:08  Marine  
  84  10:16  SCV x2  
Tags
 
Add a new tag
Caveats
  • Supply blocks, unpowered buildings, or Contaminate may cause inaccurate times.
  • Supply counts are checked every 10 seconds.